Map: [ESL] Alcyone

Players

MaNa

  • Race: Protoss Protoss
  • Spawn Location: 1:00

goblin - Winner!

  • Race: Protoss Protoss
  • Spawn Location: 7:00

Event: ESL SC2 Masters 2023 Winter (Regional)

VOD

Have the link to the VOD?

Description

Time

  • Played on: Nov. 5, 2023, 9:27 a.m.
  • Length: 6:55

All games in this series

Show
View Real Time Build Order
Export as new Build Order

MaNa Protoss 

Build Orders: 1 Gate Expand 

Get SALT Encoding   

  12  0:00  Probe  
  13  0:12  Probe  
  14  0:21  Pylon  
  14  0:24  Probe  
  15  0:39  Probe (Chrono Boost)  
  15  0:41  Gateway  
  16  0:49  Assimilator, Probe (Chrono Boost)  
  17  0:54  Probe (Chrono Boost)  
  18  1:05  Probe  
  19  1:19  Nexus  
  19  1:29  Cybernetics Core  
  19  1:32  Probe  
  20  1:39  Assimilator  
  20  1:44  Probe  
  21  1:49  Pylon  
  21  1:56  Probe  
  22  2:04  Adept (Chrono Boost)  
  22  2:07  Warp Gate  
  24  2:08  Probe  
  25  2:20  Probe  
  25  2:22  Pylon  
  26  2:27  Stalker  
  28  2:32  Probe  
  28  2:33  Probe  
  30  2:39  Robotics Facility  
  30  2:44  Probe  
  30  2:45  Probe  
  32  2:53  Shield Battery  
  32  2:56  Probe  
  32  2:57  Sentry, Probe  
  36  3:08  Probe  
  36  3:10  Gateway  
  37  3:23  Immortal (Chrono Boost)  
  41  3:27  Shield Battery  
  41  3:33  Shield Battery  
  41  3:41  Pylon  
  41  3:46  Shield Battery  
  41  3:53  Shield Battery  
  41  3:55  Sentry, Immortal (Chrono Boost)  
  44  4:11  Sentry  
  40  4:27  Immortal (Chrono Boost)  
  38  4:36  Stalker  
  36  4:52  Gateway  
  35  5:01  Sentry, Pylon  
  35  5:03  Warp Prism (Chrono Boost)  
  39  5:09  Pylon  
  31  5:29  Immortal (Chrono Boost)  
  35  5:46  Zealot  
  35  5:47  Probe  
  31  6:03  Probe x2  
  32  6:24  Warp Prism (Chrono Boost)  
  30  6:26  Zealot  
  30  6:29  Probe  
  30  6:30  Probe  
  36  6:38  Cybernetics Core  
Show
View Real Time Build Order
Export as new Build Order

goblin Protoss - Winner!

Build Orders:  

Get SALT Encoding   

  12  0:00  Probe  
  13  0:12  Probe  
  14  0:17  Pylon  
  14  0:24  Probe (Chrono Boost)  
  15  0:36  Gateway, Probe (Chrono Boost)  
  16  0:44  Probe (Chrono Boost)  
  16  0:45  Assimilator  
  17  0:51  Probe  
  17  0:53  Assimilator  
  18  1:03  Probe (Chrono Boost)  
  19  1:07  Gateway  
  19  1:14  Probe (Chrono Boost)  
  20  1:19  Probe (Chrono Boost)  
  20  1:24  Cybernetics Core  
  21  1:29  Probe  
  22  1:43  Probe  
  22  1:45  Pylon  
  23  1:59  Warp Gate (Chrono Boost)  
  23  2:02  Probe, Stalker x2  
  28  2:09  Pylon  
  28  2:18  Probe  
  29  2:29  Gateway  
  29  2:37  Stalker x2  
  33  2:47  Gateway  
  32  3:04  Shield Battery  
  32  3:10  Stalker (Chrono Boost)  
  36  3:13  Stalker (Chrono Boost)  
  36  3:19  Stalker (Chrono Boost)  
  38  3:27  Pylon  
  38  3:41  Pylon  
  38  3:56  Stalker x3  
  44  4:03  Stalker  
  44  4:34  Stalker  
  44  4:35  Stalker x2  
  44  4:45  Probe  
  41  4:50  Adept  
  43  4:57  Adept, Probe  
  43  4:58  Adept  
  48  5:00  Sentry  
  44  5:25  Stalker x3  
  50  5:29  Sentry  
  50  5:59  Adept x2  
  50  6:03  Pylon  
  54  6:04  Pylon  
  52  6:25  Stalker x2  
  52  6:26  Stalker x2  
  56  6:52  Stalker x3  
  56  6:53  Stalker  
Tags
 
Add a new tag
Caveats
  • Supply blocks, unpowered buildings, or Contaminate may cause inaccurate times.
  • Supply counts are checked every 10 seconds.